 Dungeon Crawl Stone Soup version 0.16.2-2-g470672f (webtiles) character file.

128 CrazyArbalest the Bolt Thrower (level 4, 0/37 HPs)
             Began as a Centaur Hunter on Aug 21, 2015.
             Slain by CrazyArbalest's ghost (1 damage)
             ... on level 3 of the Dungeon.
             The game lasted 00:13:16 (2994 turns).

CrazyArbalest the Bolt Thrower (Centaur Hunter)     Turns: 2994, Time: 00:13:16

Health: 0/37       AC:  4    Str: 14    XL:     4   Next: 87%
Magic:  3/3        EV:  9    Int: 10    God:
Gold:   140        SH:  0    Dex: 11    Spells: 0 memorised, 3 levels left

rFire  . . .     SeeInvis .     x - +1 dagger (venom)
rCold  . . .     Clarity  .     d - +0 leather armour
rNeg   . . .     SustAb   .     (no shield)
rPois  .         Gourm    .     (no helmet)
rElec  .         Spirit   .     (no cloak)
rCorr  .         Warding  .     (no gloves)
rMut   .         Stasis   .     (no barding)
MR     .....                    (no amulet)
Stlth  +.........               (no ring)
                                (no ring)

@: very quick, not resistant to hostile enchantments, very unstealthy
A: hooves 3, deformed body, speed 2, tough skin 3
a: no special abilities


You were on level 3 of the Dungeon.
You were near starving.

You visited 1 branch of the dungeon, and saw 3 of its levels.

You collected 140 gold pieces.

Inventory:

Hand weapons
 a - a +0 whip
 b - a +1 hand crossbow
 l - a cursed -2 dagger
 r - a +2 dagger of freezing
 t - a +0 short sword
 x - a +1 dagger of venom (weapon)
 y - a +0 mace
Missiles
 c - 19 bolts
Armour
 d - a +0 leather armour (worn)
 z - a cursed -2 chain mail
Jewellery
 s - a cursed ring of loudness {unknown}
 u - an uncursed ring of positive energy {unknown}
Scrolls
 m - a scroll of recharging {unknown}
 o - a scroll of remove curse {unknown}
 p - 2 scrolls of identify {unknown}
 q - a scroll of teleportation {unknown}
 v - a scroll of fog {unknown}
Potions
 e - a potion of brilliance
 g - 2 potions of restore abilities {unknown}
 h - a potion of degeneration {unknown}
 i - a potion of haste
 n - a potion of agility {unknown}
Comestibles
 f - 3 bread rations
 j - a beef jerky
 k - 3 fruits


   Skills:
 + Level 2.4 Fighting
 + Level 1.2 Short Blades
 + Level 0.3 Maces & Flails
 * Level 5.5 Crossbows
 + Level 1.1 Armour
 + Level 1.9 Dodging
 + Level 0.5 Stealth


You had 3 spell levels left.
You didn't know any spells.

Dungeon Overview and Level Annotations

Branches:
Dungeon (3/15)

Altars:
Dithmenos
Gozag
Kikubaaqudgha

Shops:
D:3 *

Annotations:
D:3 CrazyArbalest's ghost, average CeHu; Sigmund


Innate Abilities, Weirdness & Mutations

You have hooves in place of feet.
Armour fits poorly on your strangely shaped body.
You cover ground very quickly.
You have extremely tough skin (AC +3).


Message History

You start resting.
You start resting.
HP restored.
You are near starving!
A rat comes into view.
CrazyArbalest's ghost turns its malevolent gaze towards you.
There is an opulent altar of Gozag here.
CrazyArbalest's ghost closely misses you.
There is an entrance to Gozag's Platinum Reserve here.
Unknown command.
CrazyArbalest's ghost hits you.
CrazyArbalest's ghost completely misses you.
CrazyArbalest's ghost hits you!
CrazyArbalest's ghost closely misses you.
CrazyArbalest's ghost shrieks, "I have seen your future, and it is all used up."
CrazyArbalest's ghost hits you! CrazyArbalest's ghost hits you!
* * * LOW HITPOINT WARNING * * *
CrazyArbalest's ghost hits you.
You die...

#.# #.# #.#....#
#.# #.# #.#.##.#
#.# ##.###.#.##.#
##.####...##(#.##.#
#.....<..r..#..##.#
#.....≈≈≈≈≈≈≈####.#
#..≈≈≈≈.....≈# #..
#..≈....W.⌠.≈# ...
#...._...@..≈# ....
##.≈....⌠.⌠.≈# .#.#
#.≈≈≈≈.....≈# #. .#
#....≈≈≈≈≈≈≈# . .
######.#.###..
...... ... ..#....
. .. .### . .


You could see CrazyArbalest's ghost and a rat.

Vanquished Creatures
  An orc wizard (D:3)
  A river rat (D:3)
  3 giant mites (D:3)
  A worm (D:2)
  4 giant geckos
  4 orcs (D:3)
  4 bats (D:2)
  5 giant cockroaches
  9 goblins
  2 hobgoblins
  2 ball pythons
  4 giant newts
  4 jackals (D:1)
  7 kobolds
  9 rats
60 creatures vanquished.

Notes
Turn   | Place    | Note
--------------------------------------------------------------
     0 | D:1      | CrazyArbalest, the Centaur Hunter, began the quest for the Orb.
     0 | D:1      | Reached XP level 1. HP: 17/17 MP: 1/1
   178 | D:1      | Reached XP level 2. HP: 19/24 MP: 2/2
   269 | D:1      | Reached skill level 5 in Crossbows
   849 | D:2      | Reached XP level 3. HP: 25/29 MP: 3/3
  1687 | D:2      | Found a shadowy altar of Dithmenos.
  1688 | D:2      | Found an ancient bone altar of Kikubaaqudgha.
  1835 | D:3      | Found an opulent altar of Gozag.
  1835 | D:3      | Found Gozag's Platinum Reserve.
  1899 | D:3      | Reached skill level 1 in Short Blades
  1927 | D:3      | Reached XP level 4. HP: 3/37 MP: 3/3
  2210 | D:3      | Noticed CrazyArbalest's ghost (average CeHu)
  2276 | D:3      | Noticed Sigmund
  2679 | D:3      | Reached skill level 1 in Armour
  2993 | D:3      | HP: 1/37 [CrazyArbalest's ghost (12)]
  2994 | D:3      | Slain by CrazyArbalest's ghost

Action                   |  1- 3 |  4- 6 || total
-------------------------+-------+-------++-------
Melee: Short sword       |   144 |       ||   144
       Dagger            |    25 |    41 ||    66
       Whip              |     6 |       ||     6
 Fire: Hand crossbow     |     2 |       ||     2
  Use: Potion            |     2 |       ||     2
  Eat: Chunk             |     2 |     2 ||     4
